[Event "Team 45 45 League T37"]
[Site "Internet Chess Club"]
[Date "2008.05.18"]
[Round "4"]
[White "Luckydawg"]
[Black "celebrat"]
[Result "1/2-1/2"]
[WhiteElo "1728"]
[BlackElo "1529"]
[Opening "English, 1...Nf6 (Anglo-Indian defense)"]
[ECO "A15"]
[Time "08:00:59"]
[TimeControl "2700+45"]

1. c4 Nf6 2. g3 g6 3. Bg2 d6 4. Nc3 Bg7 5. d3 Nc6 6. Bg5 O-O 7. Qd2 Re8 8. Rb1
a6 9. a3 Rb8 10. Nf3 Bg4 11. h3 Bd7 12. O-O Qc8 13. Kh2 Na7 14. Nd5 Nxd5 15.
cxd5 c5 16. Rfc1 Nb5 17. e4 b6 18. Bh6 Bh8 19. Be3 Qb7 20. d4 cxd4 21. Nxd4 Rbc8
22. Bf1 Nc7 23. Nc6 Na8 24. Nb4 b5 25. Bd4 f6 26. Qe3 e5 27. Bc3 Nb6 28. b3 f5
29. exf5 Bxf5 30. Bd3 e4 31. Bxh8 exd3 32. Qd4 d2 33. Rxc8 Nxc8 34. Rd1 Re2 35.
Nxa6 Re4 36. Qf6 Re7 37. Nb4 Rf7 38. Qd4 Qd7 39. g4 Be4 40. Qxe4 Kxh8 41. Rxd2
Ne7 42. Qe6 Ng8 43. Qxd7 Rxd7 44. Re2 Nf6 45. f3 Ra7 46. Re6 Kg7 47. Rxd6 Rxa3
48. Rb6 Rxb3 49. Rxb5 Nxd5 50. Rxd5 Rxb4 51. g5 Rb7 52. Kg3 h6 53. h4 Rc7 54.
Kf4 Rc4+ 55. Kg3 Rc7 56. Kf2 Ra7 57. Ke3 Re7+ 58. Kf4 Rf7+ 59. Ke4 Re7+ 60. Re5
Ra7 61. Kd5 Rf7 62. Ke4 Ra7 63. Rd5 Ra4+ 64. Rd4 Ra7 65. f4 Re7+ 66. Kf3 Rf7 67.
Rd5 Ra7 68. Kg4 Rf7 69. gxh6+ Kxh6 70. h5 Rf6 71. hxg6 Kxg6 72. f5+ Kh6 73. Rd8
Rf7 74. Rg8 Kh7 75. Rg6 Rf8 76. Kf4 Rf7 77. Ke5 Rf8 78. Rg4 Kh6 79. f6 Re8+ 80.
Kd6 Kh7 81. f7 Ra8 82. Rc4 Kg7 83. Rc7 Kf8 84. Ke6 Ra6+ 85. Kf5 Ra5+ 86. Ke6
Ra6+ 87. Kf5 Ra5+ {Game drawn by mutual agreement} 1/2-1/2

[Event "Team 45 45 League T37"]
[Site "Internet Chess Club"]
[Date "2008.05.18"]
[Round "4"]
[White "gtm"]
[Black "MathWorker"]
[Result "1/2-1/2"]
[WhiteElo "1574"]
[BlackElo "1591"]
[Opening "Scandinavian (center counter) defense"]
[ECO "B01"]
[Time "18:00:45"]
[TimeControl "2700+45"]

1. e4 d5 2. e5 c5 3. Nf3 Nc6 4. c3 Bg4 5. d4 Bxf3 6. Qxf3 cxd4 7. Bb5 dxc3 8. e6
fxe6 9. Nxc3 Nf6 10. O-O a6 11. Ba4 b5 12. Nxb5 axb5 13. Bxb5 Qb6 14. a4 Nd7 15.
Be3 Qb7 16. Qh3 e5 17. Qe6 Nd8 18. Qxe5 e6 19. Bg5 Kf7 20. Bxd7 Qxd7 21. Qf4+
Kg8 22. Rfe1 Be7 23. Re3 Bxg5 24. Qxg5 Nf7 25. Qg4 Ra6 26. Rae1 Nd8 27. b3 h6
28. f4 Kh7 29. h4 Re8 30. h5 Qf7 31. Rg3 Nb7 32. Qg6+ Qxg6 33. Rxg6 Nc5 34. b4
Nd3 35. b5 Rxa4 36. Rexe6 Rxe6 37. Rxe6 Nxf4 38. Rd6 d4 39. g4 Rb4 40. b6 Nd3
41. Kf1 Nb2 42. Ke1 Na4 43. b7 Rxb7 44. Rxd4 Rb1+ 45. Kf2 Nc5 46. Rc4 Ne6 47.
Kf3 Rb3+ 48. Ke4 Kg8 49. Kf5 Ng5 50. Rc8+ Kh7 51. Rc6 Rf3+ 52. Ke5 Nf7+ 53. Ke4
Rf6 54. Rc7 Nd6+ 55. Ke5 Nb5 56. Rc5 Na3 57. Rc3 Ra6 58. Kf5 Ra5+ 59. Kf4 Rg5
60. Rxa3 Kg8 61. Ra8+ Kf7 62. Ra7+ Kf6 63. Ra6+ Kf7 64. Ra7+ Ke6 65. Ra6+ Kf7
66. Ra1 Kf6 67. Rb1 Ra5 68. Rb6+ Kf7 69. Rb7+ Kf6 70. Rb6+ Kf7 {Game drawn by
mutual agreement} 1/2-1/2

[Event "Team 45 45 League T37"]
[Site "Internet Chess Club"]
[Date "2008.05.22"]
[Round "4"]
[White "AlPearson"]
[Black "ADIOKiddo4Ever"]
[Result "0-1"]
[WhiteElo "1443"]
[BlackElo "1603"]
[Opening "King's Indian: fianchetto, lesser Simagin (Spassky) variation"]
[ECO "E62"]
[Time "21:46:02"]
[TimeControl "2700+45"]

1. c4 Nf6 2. Nc3 g6 3. Nf3 d6 4. g3 Bg7 5. Bg2 O-O 6. O-O Nc6 7. d4 Bf5 8. Bg5
Ne4 9. Nxe4 Bxe4 10. d5 Na5 11. Qa4 b6 12. Qb4 c5 13. dxc6 Re8 14. c5 Bxc6 15.
cxd6 Qxd6 16. Qxd6 exd6 17. Rad1 Rxe2 18. Nd4 Bxd4 19. Rxd4 Bxg2 20. Kxg2 Rxb2
21. Bf6 Rxa2 22. Rxd6 Nc4 23. Rd7 Ne3+ 24. Kg1 Nxf1 25. Kxf1 a5 26. Rb7 a4 27.
Rxb6 Rc2 28. Rd6 a3 29. Rd1 a2 30. Kg2 Rc6 31. Bb2 Rb6 32. Bc3 Rb1 33. Rf1 Rxf1
34. Kxf1 a1=Q+ 35. Bxa1 Rxa1+ 36. Kg2 Kg7 37. Kf3 Ra3+ 38. Kg2 Kf6 39. h3 Kf5
40. Kf1 Ke4 41. Kg2 h5 42. h4 f5 43. Kf1 Kf3 44. Kg1 Ra1+ 45. Kh2 Kxf2 46. Kh3
Rh1# {White checkmated} 0-1

[Event "Team 45 45 League T37"]
[Site "Internet Chess Club"]
[Date "2008.05.16"]
[Round "4"]
[White "Tazmataz"]
[Black "scottrugby"]
[Result "1-0"]
[WhiteElo "1637"]
[BlackElo "1636"]
[Opening "Sicilian: Hungarian variation"]
[ECO "B27"]
[Time "09:55:02"]
[TimeControl "2700+45"]

1. e4 c5 2. Nf3 g6 3. d3 Bg7 4. g3 Nc6 5. Bg2 Nf6 6. O-O d6 7. c3 Bd7 8. a3 a5
9. Nbd2 O-O 10. Kh1 Rb8 11. Ne1 Bg4 12. f3 Bd7 13. f4 e6 14. Nc4 Bc8 15. e5 dxe5
16. fxe5 Nd5 17. d4 b5 18. Ne3 Nxe3 19. Bxe3 cxd4 20. cxd4 Bb7 21. Qd2 Nxe5 22.
dxe5 Bxg2+ 23. Nxg2 Bxe5 24. Qf2 Qd3 25. Rad1 Qf5 26. Bf4 Bxf4 27. Qxf4 Qc2 28.
Rd7 f5 29. Qe5 {Black resigns} 1-0

[Event "Team 45 45 League T37"]
[Site "Internet Chess Club"]
[Date "2008.05.18"]
[Round "4"]
[White "hierroviejo"]
[Black "Just-Jim"]
[Result "1-0"]
[WhiteElo "1336"]
[BlackElo "1287"]
[Opening "Scotch game"]
[ECO "C45"]
[Time "15:53:39"]
[TimeControl "2700+45"]

1. e4 e5 2. Nf3 Nc6 3. d4 exd4 4. Nxd4 Nge7 5. Nc3 g6 6. Be3 Bg7 7. Bc4 O-O 8.
O-O a6 9. f4 Nxd4 10. Bxd4 d6 11. Nd5 Be6 12. Bxg7 Kxg7 13. Qd4+ Kg8 14. Nf6+
Kg7 15. Nh5+ Kh6 16. Qg7+ Kxh5 17. Qxh7+ Kg4 18. Be2# {Black checkmated} 1-0

[Event "Team 45 45 League T37"]
[Site "Internet Chess Club"]
[Date "2008.05.20"]
[Round "4"]
[White "Traho"]
[Black "supraholic"]
[Result "1-0"]
[WhiteElo "1247"]
[BlackElo "1328"]
[Opening "Réti: King's Indian attack (Barcza system)"]
[ECO "A07"]
[Time "18:00:13"]
[TimeControl "2700+45"]

1. Nf3 d5 2. g3 Nf6 3. Bg2 Bf5 4. d3 d4 5. O-O c5 6. h3 Nc6 7. Nbd2 b5 8. Nh4
Bd7 9. e4 e5 10. f4 Bd6 11. Nf5 Bxf5 12. fxe5 Bg4 13. hxg4 Bxe5 14. g5 Nd7 15.
Qf3 Qe7 16. Bh3 Nf8 17. Nb3 Nd8 18. Bd2 Ng6 19. Ba5 Nc6 20. Bd2 O-O 21. Bf4 f6
22. Bf5 fxg5 23. Bxe5 Ncxe5 24. Qh5 Rf6 25. Kg2 Raf8 26. Rh1 h6 27. Bxg6 Rf2+
28. Kg1 Rxc2 29. Bf5 g6 30. Qxh6 Qg7 31. Be6+ Nf7 32. Rf1 Qxh6 33. Rxh6 Kg7 34.
Rh2 Rxh2 35. Kxh2 Rh8+ 36. Kg2 {Black forfeits on time} 1-0

[Event "Team 45 45 League T37"]
[Site "Internet Chess Club"]
[Date "2008.05.18"]
[Round "4"]
[White "SufferingBruin"]
[Black "Conjurer"]
[Result "1-0"]
[WhiteElo "1247"]
[BlackElo "1255"]
[Opening "Sicilian: Najdorf, 7.f4"]
[ECO "B96"]
[Time "23:16:39"]
[TimeControl "2700+45"]

1. e4 c5 2. Nf3 d6 3. d4 cxd4 4. Nxd4 Nf6 5. Nc3 a6 6. Bg5 e6 7. f4 Nc6 8. Bd3
Be7 9. Nxc6 bxc6 10. e5 h6 11. exf6 gxf6 12. Bh4 Qb6 13. Qc1 Rb8 14. Rb1 h5 15.
Bf2 c5 16. O-O Bb7 17. Be4 f5 18. Bxb7 Qxb7 19. Kh1 h4 20. h3 Kd7 21. Qe3 Rbg8
22. Qf3 Qc8 23. b4 Bf6 24. bxc5 Bxc3 25. Qxc3 Rxg2 26. c6+ Ke8 27. Qxh8+ {Black
resigns} 1-0

[Event "Team 45 45 League T37"]
[Site "Internet Chess Club"]
[Date "2008.05.14"]
[Round "4"]
[White "OOB1"]
[Black "Emrebey"]
[Result "0-1"]
[WhiteElo "1511"]
[BlackElo "1481"]
[Opening "Sicilian: accelerated fianchetto, modern variation"]
[ECO "B34"]
[Time "14:00:06"]
[TimeControl "2700+45"]

1. e4 c5 2. Nf3 Nc6 3. Nc3 g6 4. d4 cxd4 5. Nxd4 Bg7 6. Nf3 Nf6 7. h3 O-O 8. Be3
e6 9. Qd2 d5 10. exd5 Nxd5 11. Nxd5 Qxd5 12. Be2 Qxd2+ 13. Bxd2 Bxb2 14. Rb1 Bg7
15. O-O b6 16. Bd3 Bb7 17. Be3 Ne5 18. Ne1 Nxd3 19. Nxd3 Rac8 20. Rbc1 Ba6 21.
Rfd1 Bxd3 22. Rxd3 Bb2 23. Rb1 Rxc2 24. Rd7 Ra8 25. a4 Be5 26. a5 bxa5 27. f4
Rb2 28. Rc1 Bh8 29. Bxa7 a4 30. Bd4 Bxd4+ 31. Rxd4 a3 32. Ra1 a2 33. Rdd1 Rab8
34. Kf1 Rb1 35. Ke2 Rxd1 36. Rxd1 Rb1 {White resigns} 0-1

[Event "Team 45 45 League T37"]
[Site "Internet Chess Club"]
[Date "2008.05.19"]
[Round "4"]
[White "Tomate"]
[Black "Fidelian"]
[Result "1-0"]
[WhiteElo "1469"]
[BlackElo "1349"]
[Opening "Sicilian defense"]
[ECO "B41"]
[Time "19:29:17"]
[TimeControl "2700+45"]

1. e4 c5 2. Nf3 e6 3. d4 Nc6 4. d5 exd5 5. exd5 Nb4 6. c4 Nf6 7. Be2 Bd6 8. O-O
O-O 9. Bd2 b5 10. Bxb4 cxb4 11. b3 Qc7 12. g3 a5 13. Nbd2 a4 14. Rb1 Be5 15.
Nxe5 Qxe5 16. Nf3 Qd6 17. Nd4 Ba6 18. cxb5 Bb7 19. Nf5 Qxd5 20. Ne7+ {Black
resigns} 1-0

[Event "Team 45 45 League T37"]
[Site "Internet Chess Club"]
[Date "2008.05.19"]
[Round "4"]
[White "gsloan"]
[Black "katabatico"]
[Result "0-1"]
[WhiteElo "1215"]
[BlackElo "1384"]
[Opening "Caro-Kann defense"]
[ECO "B10"]
[Time "12:15:02"]
[TimeControl "2700+45"]

1. e4 c6 2. Nf3 d5 3. Bd3 Bg4 4. h3 Bh5 5. g4 Bg6 6. Ne5 Bxe4 7. Bxe4 dxe4 8.
Qe2 Qd5 9. Nc4 e3 10. dxe3 Qxh1+ 11. Qf1 Qe4 12. Nc3 Qxc2 13. Bd2 Qg6 14. O-O-O
Nf6 15. f3 Nd5 16. Nxd5 cxd5 17. Ne5 Qe6 18. Bc3 a6 19. Qd3 f6 20. Nc4 Nc6 21.
Nb6 Rd8 22. Nxd5 Qxd5 23. Qxd5 Rxd5 24. Rxd5 e6 25. Rd2 Bc5 26. Bd4 Nxd4 27.
exd4 Bd6 28. Rc2 O-O 29. Rc4 f5 30. d5 exd5 31. Rd4 fxg4 32. fxg4 Rc8+ 33. Kd2
Rc5 34. b4 Rc8 35. a3 Be5 36. Rxd5 Bf4+ 37. Kd3 Re8 38. Kc4 h6 39. Kc5 Be3+ 40.
Kc4 Rc8+ 41. Kd3 Bc1 42. Rc5 Rxc5 43. bxc5 Bxa3 44. Kc4 a5 45. Kb5 Bb4 46. h4
Kf7 47. Kb6 a4 48. Kb5 a3 49. Kxb4 a2 {White resigns} 0-1

[Event "Team 45 45 League T37"]
[Site "Internet Chess Club"]
[Date "2008.05.19"]
[Round "4"]
[White "ChessyNessy"]
[Black "Despair"]
[Result "0-1"]
[WhiteElo "1827"]
[BlackElo "1929"]
[Opening "Grob: Fritz gambit"]
[ECO "A00"]
[Time "18:05:39"]
[TimeControl "2700+45"]

1. g4 d5 2. Bg2 Bxg4 3. c4 c6 4. Qb3 Qb6 5. Qxb6 axb6 6. cxd5 Nf6 7. e4 cxd5 8.
exd5 Na6 9. d4 Nb4 10. Kd2 Nbxd5 11. Nc3 e6 12. h3 Bf5 13. Bf1 Nxc3 14. bxc3
Ne4+ 15. Ke3 Nxc3 16. Bb2 Nd5+ 17. Kd2 Bb4+ 18. Kd1 O-O 19. Nf3 Be4 20. Be2 Bxf3
21. Bxf3 Ra4 22. a3 Nc3+ 23. Kc2 Ba5 24. Bxc3 Rc4 25. Bxb7 Rxc3+ 26. Kd1 Rd3+
27. Kc2 Rxd4 28. Rad1 Rc4+ 29. Kb2 b5 30. Rd7 Rb8 31. Rhd1 b4 32. f3 Rh4 33. Kb3
bxa3 {White resigns} 0-1

[Event "Team 45 45 League T37"]
[Site "Internet Chess Club"]
[Date "2008.05.16"]
[Round "4"]
[White "Aces"]
[Black "reijo"]
[Result "0-1"]
[WhiteElo "1766"]
[BlackElo "1706"]
[Opening "Queen's pawn: stonewall attack"]
[ECO "D00"]
[Time "13:01:13"]
[TimeControl "2700+45"]

1. d4 d5 2. e3 Nf6 3. Bd3 c5 4. c3 Nc6 5. f4 Bg4 6. Nf3 c4 7. Bc2 e6 8. O-O Bd6
9. Nbd2 O-O 10. Qe1 Bf5 11. e4 dxe4 12. Nxe4 Nxe4 13. Bxe4 Qc7 14. Ne5 Bxe4 15.
Qxe4 Ne7 16. Bd2 Rab8 17. Rf3 b5 18. Rh3 h6 19. g4 Rfe8 20. g5 Nf5 21. gxh6 Nxh6
22. Kf2 Qb7 23. Qe2 Nf5 24. Rg1 Kf8 25. Qh5 a5 26. Qg5 f6 27. Ng6+ Kg8 28. Qh5
Qd7 29. Qh7+ Kf7 30. Nh4 Bf8 31. Qg6+ Ke7 32. Nxf5+ exf5 33. Re3+ Kd6 34. Rg5
Rxe3 35. Bxe3 Qe6 36. Rxf5 Re8 37. Re5 fxe5 38. dxe5+ Kd7 39. Qe4 Qc6 40. Qd4+
Kc8 41. Qa7 a4 42. Qf7 Qd7 43. Qg6 Re6 44. Qe4 Qb7 45. Qf5 Qe7 46. Kf3 Qe8 47.
Bf2 a3 48. bxa3 Bxa3 49. Bd4 Kc7 50. Qg4 Rg6 51. Qh3 Qc6+ 52. Kf2 Qh1 53. f5
Qg1+ 54. Kf3 Qd1+ 55. Kf2 Rg4 {White resigns} 0-1

[Event "Team 45 45 League T37"]
[Site "Internet Chess Club"]
[Date "2008.05.17"]
[Round "4"]
[White "Ernie1"]
[Black "BigH"]
[Result "1/2-1/2"]
[WhiteElo "1676"]
[BlackElo "1660"]
[Opening "QGD Slav: Czech defense"]
[ECO "D17"]
[Time "10:43:51"]
[TimeControl "2700+45"]

1. d4 d5 2. c4 c6 3. Nf3 Nf6 4. Nc3 dxc4 5. a4 Bf5 6. Nh4 Bg6 7. Nxg6 hxg6 8. e4
e6 9. Bg5 Be7 10. Bxc4 Nbd7 11. e5 Nd5 12. Bxe7 Qxe7 13. Nxd5 cxd5 14. Bb5 Qb4+
15. Qd2 Qxd2+ 16. Kxd2 a6 17. Bd3 Nb8 18. Rac1 Nc6 19. Ke3 Kd7 20. h3 Rh4 21. f4
Rah8 22. Rcf1 Ke7 23. Be2 g5 24. Bg4 gxf4+ 25. Rxf4 g5 26. Rff1 Na5 27. Be2 Re4+
28. Kd3 Nc4 29. Bf3 Re3+ 30. Kc2 Rc8 31. b4 Nxe5+ 32. Kd2 Rd3+ 33. Ke2 Rc2+ 34.
Ke1 Ra3 35. dxe5 Rxa4 36. Bd1 Ra1 37. Rf3 Ke8 38. Rhf1 Rc7 39. Kf2 a5 40. bxa5
Rxa5 41. Kg3 d4 42. Rd3 Rc3 43. Rff3 Rac5 44. Rxd4 Rxf3+ 45. Bxf3 b5 46. Rb4 Kd7
47. Bh5 Ke7 48. Be2 Rxe5 49. Bxb5 f5 50. Ba6 Kd6 51. Rb6+ Kc5 52. Rb5+ Kd4 53.
Rxe5 Kxe5 54. Bc8 Kf6 55. Kf3 e5 56. Ke3 Kg6 57. Kf3 Kf6 58. g3 e4+ 59. Ke3 Ke5
60. h4 f4+ 61. gxf4+ gxf4+ 62. Kf2 Kf6 63. Bg4 Kg6 64. Ke2 Kf6 65. Kd2 Kg6 66.
Ke2 Kf6 67. Bh5 Kf5 68. Be8 Kg4 69. h5 Kg5 70. Bg6 e3 71. Kf3 Kh6 72. Ke2 Kg5
73. Kf3 Kh6 74. Ke2 {Game drawn by mutual agreement} 1/2-1/2

[Event "Team 45 45 League T37"]
[Site "Internet Chess Club"]
[Date "2008.05.16"]
[Round "4"]
[White "pelayo"]
[Black "Warpdrive"]
[Result "0-1"]
[WhiteElo "1622"]
[BlackElo "1750"]
[Opening "Réti opening"]
[ECO "A05"]
[Time "20:34:32"]
[TimeControl "2700+45"]

1. Nf3 Nf6 2. b3 g6 3. Bb2 d5 4. d3 Bg7 5. Nbd2 O-O 6. g3 c5 7. c4 Nc6 8. Bg2 d4
9. O-O Qc7 10. e3 e5 11. Ne4 Nxe4 12. dxe4 Bg4 13. h3 Bxf3 14. Bxf3 Rad8 15. a3
dxe3 16. Qc1 exf2+ 17. Rxf2 Nd4 18. b4 Nb3 {White resigns} 0-1

[Event "Team 45 45 League T37"]
[Site "Internet Chess Club"]
[Date "2008.05.18"]
[Round "4"]
[White "matein7"]
[Black "Boromir"]
[Result "0-1"]
[WhiteElo "1956"]
[BlackElo "2007"]
[Opening "English: symmetrical, Benoni formation"]
[ECO "A31"]
[Time "12:07:24"]
[TimeControl "2700+45"]

1. d4 Nf6 2. c4 c5 3. Nf3 cxd4 4. Nxd4 Nc6 5. Nc3 g6 6. e4 d6 7. Be2 Nxd4 8.
Qxd4 Bg7 9. Be3 O-O 10. Qd2 Bd7 11. O-O Bc6 12. Bf3 Nd7 13. Rfd1 b6 14. Rac1 Rc8
15. b3 f5 16. Bh6 Bxh6 17. Qxh6 Rf7 18. h4 Ne5 19. h5 Nxf3+ 20. gxf3 fxe4 21.
Nxe4 Qf8 22. Qxf8+ Rcxf8 23. hxg6 hxg6 24. Ng5 Rf5 25. Ne6 Bxf3 26. Nxf8 Rh5
{White resigns} 0-1

[Event "Team 45 45 League T37"]
[Site "Internet Chess Club"]
[Date "2008.05.18"]
[Round "4"]
[White "ivanson"]
[Black "markgravitygood"]
[Result "0-1"]
[WhiteElo "1808"]
[BlackElo "1790"]
[Opening "Sicilian: Alapin's variation (2.c3)"]
[ECO "B22"]
[Time "18:05:17"]
[TimeControl "2700+45"]

1. e4 c5 2. c3 Nf6 3. e5 Nd5 4. d4 cxd4 5. Nf3 Nc6 6. Bc4 Nb6 7. Bb3 d5 8. exd6
e6 9. Nxd4 Bxd6 10. Nxc6 bxc6 11. Nd2 Ba6 12. Ne4 Be7 13. Qxd8+ Rxd8 14. Be3 Nd5
15. Bd2 Bd3 16. Ng3 O-O 17. Rc1 c5 18. Bc2 Ba6 19. b3 c4 20. b4 Bf6 21. Ne2 Bb7
22. O-O Nxb4 23. Be3 Nxa2 24. Ra1 Nxc3 25. Nxc3 Bxc3 26. Rxa7 Bd5 27. Rc1 Bf6
28. Bd1 Bb2 29. Rb1 Be4 30. Rxb2 Rxd1# {White checkmated} 0-1

[Event "Team 45 45 League T37"]
[Site "Internet Chess Club"]
[Date "2008.05.17"]
[Round "4"]
[White "Lazerpawn"]
[Black "PJ"]
[Result "0-1"]
[WhiteElo "1676"]
[BlackElo "1738"]
[Opening "KGA: Allgaier, Horny defense"]
[ECO "C39"]
[Time "08:03:23"]
[TimeControl "2700+45"]

1. e4 e5 2. f4 exf4 3. Nf3 g5 4. h4 g4 5. Ng5 h6 6. Nxf7 Kxf7 7. Qxg4 Nf6 8.
Qxf4 Bd6 9. e5 Bxe5 10. Qf3 Qe7 11. Bc4+ d5 12. Bxd5+ Kg7 13. O-O Qc5+ 14. d4
Qxd4+ 15. Be3 Qxd5 16. Qf2 Ng4 17. Bxh6+ Kxh6 18. Qe2 Bd4+ 19. Kh1 Qe5 20. Qxe5
Bxe5 21. c3 Kg6 22. g3 Bxg3 23. Rg1 Rxh4+ 24. Kg2 Bd6 25. Nd2 b6 26. Kf3 Bb7+
27. Ke2 Nd7 28. Nf3 Bxf3+ 29. Kxf3 Rf8+ 30. Ke2 Rf2+ 31. Kd3 Rh3+ 32. Kc4 Rf4+
33. Kd5 Nb8 34. Rae1 Rh5+ 35. Ke6 Rf6# {White checkmated} 0-1

[Event "Team 45 45 League T37"]
[Site "Internet Chess Club"]
[Date "2008.05.15"]
[Round "4"]
[White "AlterEgo"]
[Black "Ghashgork"]
[Result "0-1"]
[WhiteElo "1625"]
[BlackElo "1628"]
[Opening "Pirc: classical (two knights) system"]
[ECO "B08"]
[Time "14:00:42"]
[TimeControl "2700+45"]

1. e4 d6 2. Nf3 Nf6 3. Nc3 g6 4. d4 Bg7 5. Bc4 O-O 6. O-O b6 7. Bd2 Bb7 8. Re1
Nbd7 9. Qc1 e5 10. Bg5 exd4 11. Nb5 Ne5 12. Nxe5 dxe5 13. Bd5 c6 {White resigns}
0-1

Hi guys

The Statutes (Section 10(F)(i)) states “At the Agreed Game Time both players are expected to be logged in to the chess server present and ready to play…” The automated players’ ICC logs clearly show that chessrascal was on line and available to play the game at the agreed time 18:30 5/15/08 and for the duration of the 30 minute grace period and that terte was not logged in to the ICC server.

Furthermore the Statutes (Section 10(F)(iii) states “A player who has not logged in within the 30-minute Grace Period forfeits the game”

This statute guides my ruling and I have no option but to award a forfeit loss to terte.

The score for the game is +:- 

In addition, and in accordance with the Statutes (Section 17(A)(i), it is likely that terte will have his reliability rating adjusted by -1.

If terte, or his captain, believe that the statutes have not been applied correctly then they are to make a declaration to that effect in the forum within 24 hours of the time of this ruling being posted.

GrandPoobah069

[Event "Team 45 45 League T37"]
[Site "Internet Chess Club"]
[Date "2008.05.17"]
[Round "4"]
[White "andreip"]
[Black "HocusPocus"]
[Result "1/2-1/2"]
[WhiteElo "2060"]
[BlackElo "2029"]
[Opening "Sicilian: Najdorf, Opocensky variation"]
[ECO "B92"]
[Time "10:24:53"]
[TimeControl "2700+45"]

1. e4 c5 2. Nf3 d6 3. d4 cxd4 4. Nxd4 Nf6 5. Nc3 a6 6. Be2 e5 7. Nb3 Be6 8. Be3
Be7 9. f3 Nbd7 10. O-O O-O 11. Nd5 Bxd5 12. exd5 b5 13. a4 bxa4 14. Rxa4 Nb6 15.
Ra5 Qc7 16. Bf2 Nc4 17. Ra2 Nb6 18. Qd2 Nbxd5 19. Rfa1 Nf4 20. Rxa6 Nxe2+ 21.
Qxe2 Rxa6 22. Rxa6 Re8 23. c3 d5 24. Ra7 Qb8 25. Na5 Bd6 26. g3 e4 27. fxe4 Nxe4
28. Qf3 f6 29. Qg4 Bf8 30. Rb7 Qa8 31. Ra7 Qb8 32. Rb7 Qa8 33. Ra7 Qb8 34. Rb7
Qa8 35. Ra7 {Game drawn by repetition} 1/2-1/2

[Event "Team 45 45 League T37"]
[Site "Internet Chess Club"]
[Date "2008.05.15"]
[Round "4"]
[White "cityprosecutor"]
[Black "b-spot"]
[Result "0-1"]
[WhiteElo "1767"]
[BlackElo "1828"]
[Opening "French: King's Indian attack"]
[ECO "C00"]
[Time "18:55:04"]
[TimeControl "2700+45"]

1. e4 e6 2. d3 d5 3. Nd2 c5 4. g3 Bd6 5. Bg2 Ne7 6. Ngf3 O-O 7. O-O Nbc6 8. a4
f6 9. Re1 Bd7 10. h4 Qc7 11. Nh2 Be8 12. f4 Bf7 13. c3 Rad8 14. Qe2 e5 15. f5
Qb6 16. Kh1 d4 17. Bf1 Na5 18. Qg4 Qc6 19. h5 Kh8 20. Nhf3 Qe8 21. h6 gxh6 22.
Qh4 Ng8 23. Nh2 h5 24. g4 hxg4 25. Nxg4 Bh5 26. Bh3 Rd7 27. Re2 Rg7 28. Rh2 Bxg4
29. Bxg4 Qd7 30. b4 cxb4 31. cxb4 Bxb4 32. Rb1 Qxa4 33. Nf1 Bc3 34. Ng3 Be1 35.
Bb2 Qb4 36. Qh3 Bxg3 37. Qxg3 Rc8 38. Qh4 Nb3 39. Rd1 a5 40. Bh5 Rcc7 41. Bg6 a4
42. Rg1 a3 43. Rhg2 axb2 44. Bxh7 Qf8 45. Bxg8+ Rh7 46. Bxh7 Rxh7 47. Qxh7+ Kxh7
48. Rh2+ Qh6 49. Rxh6+ Kxh6 50. Rb1 Nc5 51. Rxb2 Nxd3 52. Rxb7 Kg5 53. Kg2 Nc5
54. Rg7+ Kf4 55. Kg1 Nxe4 56. Kf1 Kxf5 57. Ke1 Kf4 58. Rd7 Ke3 59. Rd8 d3 60.
Kd1 f5 61. Rd5 Nc3+ {White resigns} 0-1

[Event "Team 45 45 League T37"]
[Site "Internet Chess Club"]
[Date "2008.05.20"]
[Round "4"]
[White "secant"]
[Black "pestka"]
[Result "1/2-1/2"]
[WhiteElo "2140"]
[BlackElo "2248"]
[Opening "Neo-Grünfeld, 6.O-O"]
[ECO "D77"]
[Time "11:56:15"]
[TimeControl "2700+45"]

1. d4 Nf6 2. c4 g6 3. g3 Bg7 4. Bg2 d5 5. Nf3 O-O 6. O-O dxc4 7. Ne5 Nfd7 8.
Nxc4 Nb6 9. Nxb6 axb6 10. e3 Nc6 11. Nc3 e5 12. d5 Nb4 13. e4 c6 14. Qb3 Na6 15.
Be3 b5 16. Rfd1 Qa5 17. a3 Bg4 18. f3 Bd7 19. dxc6 Bxc6 20. Nd5 Rfe8 21. Bf1 Nc7
22. Nxc7 Qxc7 23. Bxb5 Bh6 24. Bxh6 Qb6+ 25. Be3 Qxb5 26. Qxb5 Bxb5 27. Rdc1
Rec8 28. Rxc8+ Rxc8 29. Rc1 Rxc1+ 30. Bxc1 {Game drawn by mutual agreement}
1/2-1/2

[Event "Team 45 45 League T37"]
[Site "Internet Chess Club"]
[Date "2008.05.15"]
[Round "4"]
[White "eurander"]
[Black "PandorasBox"]
[Result "0-1"]
[WhiteElo "2160"]
[BlackElo "2143"]
[Opening "Trompowsky attack (Ruth, Opocenský opening)"]
[ECO "A45"]
[Time "15:33:09"]
[TimeControl "2700+45"]

1. d4 Nf6 2. Bg5 e6 3. e4 h6 4. Bxf6 Qxf6 5. Nc3 Bb4 6. Qd2 d5 7. e5 Qg6 8. a3
Ba5 9. Nf3 Bd7 10. O-O-O Nc6 11. h4 f6 12. h5 Qf7 13. Bd3 O-O-O 14. Bg6 Qe7 15.
exf6 gxf6 16. Qe3 Qd6 17. Rhe1 Ne7 18. Bf7 Bxc3 19. Qxc3 Rdf8 20. Bxe6 Bxe6 21.
Qe3 Kd7 22. Re2 Nc6 23. Rde1 Bg4 24. Qd3 Qf4+ 25. Kb1 a6 26. Qg6 Bxf3 27. gxf3
Rhg8 28. Qh7+ Kc8 29. Re6 Nxd4 30. Re7 Nc6 31. Rg7 Rxg7 32. Qxg7 Rd8 33. Re6
Qxf3 34. Rxf6 Qxh5 35. Rf7 Qe5 36. Qxh6 Qe1+ 37. Ka2 Qe4 38. Qg7 Qe5 39. Qg4+
Kb8 40. f4 Qe4 41. Qg7 Qc4+ 42. Kb1 Nd4 43. c3 Nb5 44. f5 Qb3 45. Kc1 Ka7 46. f6
d4 47. cxd4 Rxd4 {White resigns} 0-1

[Event "Team 45 45 League T37"]
[Site "Internet Chess Club"]
[Date "2008.05.18"]
[Round "4"]
[White "Despair"]
[Black "VanillaQueen"]
[Result "1/2-1/2"]
[WhiteElo "1917"]
[BlackElo "1852"]
[Opening "Réti: King's Indian attack (Barcza system)"]
[ECO "A07"]
[Time "02:48:42"]
[TimeControl "2700+45"]

1. Nf3 d5 2. g3 c6 3. Bg2 f5 4. Ne5 Nf6 5. c4 e6 6. cxd5 cxd5 7. d4 Bd6 8. O-O
O-O 9. Bf4 Nc6 10. Nxc6 bxc6 11. Qc1 Bxf4 12. Qxf4 Qb6 13. b3 Ne4 14. Qe3 Bd7
15. f3 f4 16. gxf4 Nd6 17. Bh3 Nf5 18. Bxf5 Rxf5 19. Nc3 Qc7 {Game drawn by
mutual agreement} 1/2-1/2

[Event "Team 45 45 League T37"]
[Site "Internet Chess Club"]
[Date "2008.05.17"]
[Round "4"]
[White "tourettes"]
[Black "jazzpiano"]
[Result "1-0"]
[WhiteElo "1754"]
[BlackElo "1788"]
[Opening "Scandinavian defense"]
[ECO "B01"]
[Time "15:12:36"]
[TimeControl "2700+45"]

1. e4 d5 2. exd5 Nf6 3. Nf3 Nxd5 4. Bb5+ Bd7 5. Bc4 Bg4 6. Nc3 e6 7. O-O Bb4 8.
h3 Bh5 9. Bxd5 exd5 10. Qe2+ Be7 11. Qb5+ Nd7 12. Qxd5 Bxf3 13. Qxf3 c6 14. d3
O-O 15. Re1 Re8 16. Bf4 Nf6 17. Re2 Qd7 18. Rae1 Bd6 19. Bg5 Be7 20. a3 h6 21.
Bf4 Rad8 22. Be5 Nh7 23. Ne4 Ng5 24. Qg3 f6 25. Bc7 Nxe4 26. Rxe4 Rc8 27. Bf4
Kf7 28. Qe3 Bf8 29. Qxa7 Rxe4 30. Rxe4 Re8 31. Qe3 Rxe4 32. Qxe4 Bd6 33. Qd4 Ke7
34. Bxd6+ Qxd6 35. Qxd6+ Kxd6 36. f4 Kd5 37. c3 g5 38. fxg5 fxg5 39. g4 c5 40.
Kf2 b5 41. b3 b4 42. cxb4 cxb4 43. a4 Kd4 44. Ke2 Kc3 45. a5 Kxb3 46. a6 Kc3 47.
a7 b3 48. a8=Q b2 49. Qa5+ Kc2 50. Qd2+ Kb3 51. Qxb2+ Kxb2 52. d4 {Black
resigns} 1-0